 Dungeon Crawl Stone Soup version 0.31.0-2-g5a2aebc5c2 (webtiles) character file.

Game seed: 6793036814927996799

5735 ChrisAssaf the Nimble (level 9, -3/69 (72) HPs)
             Began as a Gnoll Gladiator on Jan 21, 2024.
             Was a Priest of Ru.
             Slain by Erica
             ... wielding a +0 scimitar of flaming
              (11 damage)
             ... on level 8 of the Dungeon.
             The game lasted 00:32:32 (7843 turns).

ChrisAssaf the Nimble (Gnoll Gladiator)             Turns: 7843, Time: 00:32:33

HP:   -3/69 (72)    AC:  6    Str: 18    XL:     9   Next: 77%
MP:   16/17         EV: 13    Int: 11    God:    Ru [***...]
Gold: 178           SH:  0    Dex: 17    Spells: 5/19 levels left

rFire   . . .        B - +7 broad axe "Tupovynk" {pain, Dex+2 SInv}
rCold   + . .        (no shield)
rNeg    + + +        a - +0 leather armour {rPois}
rPois   +            c - +1 helmet
rElec   .            w - scarf "Vaniq" {repulsion, rN++ Will- Str+5}
rCorr   .            (no gloves)
SInv    +            (no boots)
Will    .....        e - amulet of Ukhluux {Acrobat rN+}
Stlth   +++          s - ring of protection from cold
HPRegen 1.11/turn    t - ring of wizardry
MPRegen 0.15/turn

%: repel missiles, acrobat, wizardry (x1)
@: exhausted, slowed, constricted, lightly drained, very slow
A: fangs 1, weak-willed 1, inexperienced 1, strong nose, distributed training,
regeneration 1, noise suppression
a: Renounce Religion, Draw Out Power


You were on level 8 of the Dungeon.
You worshipped Ru.
Ru was most pleased with you.
You visited 1 branch of the dungeon, and saw 9 of its levels.

You collected 486 gold pieces.
You spent 308 gold pieces at shops.

Inventory:

Hand Weapons
 x - a +0 executioner's axe
 B - the +7 broad axe "Tupovynk" (weapon) {pain, Dex+2 SInv}
   (You found it on level 9 of the Dungeon)

   Dex+2:     It affects your dexterity (+2).
   SInv:      It lets you see invisible.
Missiles
 d - 2 throwing nets
 r - 10 poisoned darts
 A - 5 curare-tipped darts (quivered)
Armour
 a - a +0 leather armour of poison resistance (worn)
 b - a +1 leather armour
 c - a +1 helmet (worn)
 w - the scarf "Vaniq" (worn) {repulsion, rN++ Will- Str+5}
   (You acquired it on level 1 of the Dungeon)

   Str+5:     It affects your strength (+5).
   rN++:      It greatly protects you from negative energy.
   Will-:     It decreases your willpower.
Jewellery
 e - the amulet of Ukhluux (around neck) {Acrobat rN+}
   (You took it off a goblin on level 3 of the Dungeon)

   [amulet of the acrobat]

   Acrobat:   It increases your evasion while moving and waiting.
   rN+:       It protects you from negative energy.
 p - an amulet of magic regeneration
 s - a ring of protection from cold (left hand)
 t - a ring of wizardry (right hand)
Talismans
 k - a flux talisman
Wands
 h - a wand of flame (24)
 m - a wand of digging (4)
Scrolls
 i - 2 scrolls of revelation
 j - a scroll of poison
 q - 3 scrolls of torment
 u - a scroll of noise
 y - 3 scrolls of identify
 z - a scroll of teleportation
Potions
 f - a potion of magic
 g - 3 potions of brilliance
 l - a potion of attraction
 n - 3 potions of cancellation
 o - a potion of degeneration
 v - 2 potions of might


   Skills:
 + Level 7.5 Fighting
 + Level 5.8 Short Blades
 + Level 5.8 Long Blades
 + Level 8.8 Axes
 + Level 5.8 Maces & Flails
 + Level 5.8 Polearms
 + Level 5.8 Staves
 + Level 5.8 Ranged Weapons
 + Level 7.5 Throwing
 + Level 5.8 Armour
 + Level 8.8 Dodging
 + Level 5.8 Stealth
 + Level 5.8 Shields
 + Level 5.8 Unarmed Combat
 + Level 5.8 Spellcasting
 + Level 4.8 Conjurations
 + Level 4.8 Hexes
 + Level 4.8 Summonings
 + Level 4.8 Necromancy
 + Level 4.8 Translocations
 + Level 4.8 Fire Magic
 + Level 4.8 Ice Magic
 + Level 4.8 Air Magic
 + Level 4.8 Earth Magic
 + Level 4.8 Alchemy
 + Level 6.3 Invocations
 + Level 5.8 Evocations
 + Level 5.3 Shapeshifting


You had 5 spell levels left.
You knew the following spells:

 Your Spells              Type           Power      Damage    Failure   Level
a - Call Imp              Summ           26%        N/A       1%          2
b - Summon Ice Beast      Ice/Summ       13%        N/A       4%          3
c - Stone Arrow           Conj/Erth      26%        3d8       4%          3
d - Jinxbite              Hex            26%        N/A       1%          2
e - Brom's Barrelling Bo  Conj/Erth      13%        2d4       12%         4

Your spell library contained the following spells:

 Spells                   Type           Power      Damage    Failure   Level
 Apportation              Tloc           26%        N/A       1%          1
 Sandblast                Erth           26%        2d8       1%          1
 Blink                    Tloc           26%        N/A       1%          2
 Cigotuvi's Dreadful Rot  Necr/Alch/Air  26%        N/A       1%          2
 Lesser Beckoning         Tloc           26%        N/A       1%          2
 Momentum Strike          Conj/Tloc      26%        3d8       1%          2
 Sublimation of Blood     Necr           13%        N/A       1%          2
 Dazzling Flash           Conj/Hex       26%        N/A       4%          3
 Passwall                 Erth           13%        N/A       4%          3
 Volatile Blastmotes      Fire/Tloc      26%        2d12      4%          3
 Dispel Undead            Necr           13%        3d9       12%         4
 Martyr's Knell           Necr/Summ      13%        N/A       12%         4
 Alistair's Intoxication  Alch           8%         N/A       32%         5
 Summon Mana Viper        Hex/Summ       13%        N/A       32%         5
 Death Channel            Necr           6%         N/A       86%         6
 Starburst                Conj/Fire      6%         6d4       86%         6
 Monstrous Menagerie      Summ           6%         N/A       100%        7
 Summon Hydra             Summ           6%         N/A       100%        7
 Maxwell's Capacitive Co  Air            6%         ∞         100%        8


Dungeon Overview and Level Annotations

Branches:
Dungeon (9/15)             Temple (0/1) D:6
   Lair: D:8-11         Orc: D:9-12

Altars:
Elyvilon
Hepliaklqana
Makhleb
Ru
Sif Muna
Uskayaw
Vehumet
Wu Jian
Xom
The Shining One

Shops:
D:1 :

Annotations:
D:8 Erica


Innate Abilities, Weirdness & Mutations

You have very sharp teeth.
You are slightly weak-willed. (Will-)
You are somewhat inexperienced. (-1 XL)
Your uncanny sense of smell can sniff out nearby items.
Your experience applies equally to all skills.
Your natural rate of healing is unusually fast.
You passively dampen the noise of your surroundings.


Message History

You feel better. Erica barely misses you. Erica grabs you.
Erica constricts you.
You closely miss Erica. Erica misses you. Erica constricts you.
Erica casts a spell at you.
You feel yourself slow down. Erica constricts you.
You slice Erica!! You bite Erica.
Erica is moderately wounded.
Erica hits you with a +0 scimitar of flaming!
Erica burns you.
You focus your inner power and illuminate Erica in retribution!
Erica constricts you.
* * * LOW HITPOINT WARNING * * *
Your cerulean imp barely misses Erica.
You escape Erica's grasp.
Your cerulean imp hits Erica with a -3 spear.
You slash Erica!
Erica is heavily wounded.
Erica stares at you and mumbles some strange words.
The bolt of poison hits you.
You are poisoned.
You resist.
* * * LOW HITPOINT WARNING * * *
Your cerulean imp hits Erica with a -3 spear.
Erica hits your cerulean imp with a +0 scimitar of flaming!
Erica burns your cerulean imp.
Your cerulean imp dies!
Your cerulean imp disappears in a puff of smoke!
You feel better. Erica barely misses you. Erica grabs you.
Erica constricts you.
Erica hits you with a +0 scimitar of flaming!
* * * LOW HITPOINT WARNING * * *
Erica burns you.
* * * LOW HITPOINT WARNING * * *
Erica constricts you.
* * * LOW HITPOINT WARNING * * *
You slash Erica!
Erica writhes in agony.
Erica is severely wounded.
Erica hits you with a +0 scimitar of flaming!
You die...
Erica begins burbling mirthfully and uncontrollably.

..##........# #.#...
............####.##..#
.................## ##
..................# # .
.........###....#....#..
...#....## #...## ...#
.....#..# ##..#####...#
#....#.####......#....#
#......###......@.#
#......#.....###x## ∆
.......#..#..##..#
....###..#..##..## .#.##
##........# .###
#..........# .#
#............# ..
#...........y.x. ...
#....###......y...


You could see Erica (invisible, corona).

Vanquished Creatures
  A two-headed ogre (D:9)
  6 yaks (D:8)
  A steam dragon (D:7)
  4 vampire mosquitoes (D:8)
  A water moccasin (D:7)
  3 orc warriors
  An ice beast (D:7)
  3 sky beasts
  4 ogres
  2 centaurs (D:6)
  A phantom (D:6)
  2 bullfrogs (D:7)
  A gnoll sergeant (D:9)
  4 scorpions (D:6)
  9 wights
  7 killer bees
  7 howler monkeys
  An electric eel (D:6)
  A gnoll bouda (D:6)
  3 hounds
  2 jellies
  2 bombardier beetles
  4 orc priests
  4 sleepcaps
  An iguana (D:6)
  5 orc wizards
  Robin (D:2)
  11 gnolls
  6 adders
  4 ufetubi
  4 dart slugs
  12 orcs
  6 endoplasms
  4 giant cockroaches
  15 goblins
  7 hobgoblins
  7 jackals
  2 quokkas
  5 ball pythons
  6 bats
  5 frilled lizards
  11 kobolds
  10 rats
196 creatures vanquished.

Vanquished Creatures (collateral kills)
  A hound (D:4)
  An orc priest (D:7)
  An orc (D:7)
  A hobgoblin (D:4)
  A ball python (D:4)
5 creatures vanquished.

Vanquished Creatures (others)
  An orc (D:5)
1 creature vanquished.

Grand Total: 202 creatures vanquished

Notes
Turn   | Place    | Note
-------+----------+-------------------------------------------
     0 | D:1      | ChrisAssaf the Gnoll Gladiator began the quest for the Orb.
     0 | D:1      | Reached XP level 1. HP: 20/20 MP: 1/1
    79 | D:1      | Reached XP level 2. HP: 26/26 MP: 2/2
   322 | D:2      | Reached XP level 3. HP: 31/31 MP: 3/3
   350 | D:2      | You fall into a shaft and drop 2 floors!
   376 | D:4      | Reached skill level 1 in Short Blades
   376 | D:4      | Reached skill level 1 in Long Blades
   376 | D:4      | Reached skill level 1 in Maces & Flails
   376 | D:4      | Reached skill level 1 in Polearms
   376 | D:4      | Reached skill level 1 in Staves
   376 | D:4      | Reached skill level 1 in Ranged Weapons
   376 | D:4      | Reached skill level 1 in Armour
   376 | D:4      | Reached skill level 1 in Stealth
   376 | D:4      | Reached skill level 1 in Shields
   376 | D:4      | Reached skill level 1 in Unarmed Combat
   376 | D:4      | Reached skill level 1 in Spellcasting
   376 | D:4      | Reached skill level 1 in Invocations
   376 | D:4      | Reached skill level 1 in Evocations
   481 | D:4      | Reached skill level 1 in Shapeshifting
   481 | D:4      | Reached XP level 4. HP: 29/38 MP: 5/5
   490 | D:4      | Noticed a +0 hand axe
   566 | D:4      | Reached skill level 1 in Conjurations
   566 | D:4      | Reached skill level 1 in Hexes
   566 | D:4      | Reached skill level 1 in Summonings
   566 | D:4      | Reached skill level 1 in Necromancy
   566 | D:4      | Reached skill level 1 in Translocations
   566 | D:4      | Reached skill level 1 in Fire Magic
   566 | D:4      | Reached skill level 1 in Ice Magic
   566 | D:4      | Reached skill level 1 in Air Magic
   566 | D:4      | Reached skill level 1 in Earth Magic
   566 | D:4      | Reached skill level 1 in Alchemy
   667 | D:4      | Found a hide-covered altar of Uskayaw.
   669 | D:4      | Noticed a +0 hand axe
   701 | D:4      | Reached XP level 5. HP: 32/43 MP: 5/7
   835 | D:4      | Found a shimmering altar of Xom.
  1118 | D:5      | Entered Level 5 of the Dungeon
  1139 | D:5      | Noticed an ogre
  1151 | D:5      | Killed an ogre
  1152 | D:5      | Reached skill level 5 in Fighting
  1152 | D:5      | Reached skill level 5 in Throwing
  1152 | D:5      | Reached XP level 6. HP: 40/51 MP: 7/9
  1423 | D:5      | Found an ornate altar of the Wu Jian Council.
  1488 | D:5      | Learned a level 2 spell: Call Imp
  1742 | D:5      | Found a sacrificial altar of Ru.
  1742 | D:5      | Found a hazy altar of Hepliaklqana.
  1750 | D:5      | Found a faded altar of an unknown god.
  1752 | D:5      | Found a burning altar of Makhleb.
  1754 | D:5      | Found a radiant altar of Vehumet.
  1778 | D:5      | Became a worshipper of Ru the Awakened
  2149 | D:3      | Found a white marble altar of Elyvilon.
  2391 | D:3      | Identified the amulet of Ukhluux {Acrobat rN+}
  3284 | D:2      | Noticed Robin
  3295 | D:2      | Killed Robin
  3305 | D:2      | Reached XP level 7. HP: 56/56 MP: 10/10
  3336 | D:2      | Gained mutation: You are slightly weak-willed. (Will-) [Ru
                  | sacrifice]
  3336 | D:2      | Reached * piety under Ru
  3606 | D:2      | Found a faded altar of an unknown god.
  4080 | D:1      | Identified a scroll of acquirement
  4080 | D:1      | Acquired the scarf "Vaniq" {repulsion, rN++ Will- Str+5}
  4290 | D:1      | Gained mutation: Your natural rate of healing is unusually
                  | fast. [potion of mutation]
  4290 | D:1      | Gained mutation: You passively dampen the noise of your
                  | surroundings. [potion of mutation]
  4690 | D:1      | Found Wiatz's Book Shoppe.
  4713 | D:1      | Learned a level 3 spell: Summon Ice Beast
  4717 | D:1      | Learned a level 3 spell: Stone Arrow
  4722 | D:1      | Bought a book of Party Tricks for 308 gold pieces
  4725 | D:1      | Learned a level 2 spell: Jinxbite
  5067 | D:6      | Reached XP level 8. HP: 33/63 MP: 12/12
  5253 | D:6      | Found a staircase to the Ecumenical Temple.
  5501 | D:6      | Learned a level 4 spell: Brom's Barrelling Boulder
  5651 | D:6      | Found a shimmering blue altar of Sif Muna.
  5766 | D:6      | Reached XP level 9. HP: 69/69 MP: 14/14
  6112 | D:6      | Gained mutation: You are somewhat inexperienced. (-1 XL)
                  | [Ru sacrifice]
  6112 | D:6      | Reached XP level 8. HP: 64/64 MP: 14/14
  6112 | D:6      | Reached ** piety under Ru
  6112 | D:6      | Reached *** piety under Ru
  6430 | D:7      | Reached skill level 5 in Invocations
  6489 | D:7      | HP: 1/63 [killer bee (5)]
  7075 | D:7      | Reached skill level 5 in Short Blades
  7075 | D:7      | Reached skill level 5 in Long Blades
  7075 | D:7      | Reached skill level 5 in Maces & Flails
  7075 | D:7      | Reached skill level 5 in Polearms
  7075 | D:7      | Reached skill level 5 in Staves
  7075 | D:7      | Reached skill level 5 in Ranged Weapons
  7075 | D:7      | Reached skill level 5 in Armour
  7075 | D:7      | Reached skill level 5 in Stealth
  7075 | D:7      | Reached skill level 5 in Shields
  7075 | D:7      | Reached skill level 5 in Unarmed Combat
  7075 | D:7      | Reached skill level 5 in Spellcasting
  7075 | D:7      | Reached skill level 5 in Evocations
  7075 | D:7      | Reached XP level 9. HP: 46/71 MP: 9/16
  7127 | D:8      | Found a glowing golden altar of the Shining One.
  7128 | D:8      | You fall into a shaft and drop 1 floor!
  7180 | D:9      | Identified the +7 broad axe "Tupovynk" {pain, Dex+2 SInv}
  7272 | D:9      | Noticed a two-headed ogre
  7286 | D:9      | Killed a two-headed ogre
  7708 | D:8      | Reached skill level 5 in Shapeshifting
  7803 | D:8      | Noticed Erica
  7843 | D:8      | Slain by Erica

Illustrated notes

Levels and vault maps discovered:
D:1:      minmay_arrival_pointy, layout_loops_ring, serial_shops, shop,
          minmay_pentomino_v4
D:2:      layout_basic, ebering_ecumenical_altar_ruins, lightli_corner_chamber,
          uniq_robin
D:3:      layout_basic, nicolae_elyvilon_peaceful_grove,
          hangedman_decor_diamond_cutter
D:4:      layout_cave_pools, amcnicky_altar_gilded, dancing_weapons_uskayaw,
          kennysheep_generic_room_14
D:5:      layout_rooms, mainiacjoe_overflow_six_doors_small,
          chequers_temple_overflow_minitemple
D:6:      layout_cave_pools, kennysheep_orc_sif_temple,
          minmay_temple_entry_junction, amcnicky_mini_pool_medium
D:7:      layout_cave_pools, david_defended_altar_orc
D:8:      layout_layer_cave, mainiacjoe_overflow_tiny_flanked, uniq_erica
D:9:      layout_loops_corners, hellmonk_lair_entry_icy, minivault_15,
          minmay_shop_damaged

Skill      XL: |  1  2  3  4  5  6  7  8  9 |
---------------+----------------------------+-----
Short Blades   | 1 2 3 5 4 |  5.8
Long Blades    | 1 2 3 5 4 |  5.8
Maces & Flails | 1 2 3 5 4 |  5.8
Polearms       | 1 2 3 5 4 |  5.8
Staves         | 1 2 3 5 4 |  5.8
Ranged Weapons | 1 2 3 5 4 |  5.8
Armour         | 1 2 3 5 4 |  5.8
Stealth        | 1 2 3 5 4 |  5.8
Shields        | 1 2 3 5 4 |  5.8
Unarmed Combat | 1 2 3 5 4 |  5.8
Spellcasting   | 1 2 3 5 4 |  5.8
Invocations    | 1 2 3 5 6 |  6.3
Evocations     | 1 2 3 5 4 |  5.8
Shapeshifting  | 1 2 4 5 |  5.3
Conjurations   | 1 2 4 |  4.8
Hexes          | 1 2 4 |  4.8
Summonings     | 1 2 4 |  4.8
Necromancy     | 1 2 4 |  4.8
Translocations | 1 2 4 |  4.8
Fire Magic     | 1 2 4 |  4.8
Ice Magic      | 1 2 4 |  4.8
Air Magic      | 1 2 4 |  4.8
Earth Magic    | 1 2 4 |  4.8
Alchemy        | 1 2 4 |  4.8
Fighting       | 5 6 7 |  7.5
Throwing       | 5 6 7 |  7.5
Axes           | 7 8 |  8.8
Dodging        | 7 8 |  8.8

Action                     |  1- 3 |  4- 6 |  7- 9 || total
---------------------------+-------+-------+-------++-------
  Melee: War axe           |    48 |    94 |    38 ||   180
         Bite              |     2 |    10 |    35 ||    47
         Punch             |     2 |     1 |     5 ||     8
         Executioner's axe |       |       |   259 ||   259
         Broad axe         |       |       |    73 ||    73
  Throw: Javelin           |     4 |     8 |    21 ||    33
         Throwing net      |       |     1 |     1 ||     2
   Cast: Call Imp          |       |       |    16 ||    16
         Stone Arrow       |       |       |     5 ||     5
         Summon Ice Beast  |       |       |     4 ||     4
 Invoke: Sacrifice Essence |       |       |     1 ||     1
         Draw Out Power    |       |       |     3 ||     3
         Sacrifice Experie |       |       |     1 ||     1
  Evoke: Wand              |       |     4 |     5 ||     9
    Use: Scroll            |     5 |    14 |     9 ||    28
         Potion            |       |       |     4 ||     4
   Stab: Held in net/web   |       |     1 |     1 ||     2
         Sleeping          |       |       |     6 ||     6
         Invisible         |       |       |     2 ||     2
 Armour: Leather armour    |    21 |    62 |   274 ||   357
  Dodge: Dodged            |    32 |   100 |   444 ||   576
         Repelled          |       |       |     6 ||     6
